[Event "ICC Open 2015"]
[Site "Internet Chess Club"]
[Date "2015.05.30"]
[Round "10"]
[White "Neurisdr"]
[Black "Womacka"]
[Result "1-0"]
[ICCResult "Black resigns"]
[WhiteElo "2866"]
[BlackElo "2473"]
[Opening "Sicilian: Najdorf, 7.f4"]
[ECO "B96"]
[NIC "SI.04"]
[Time "16:01:59"]
[TimeControl "180+0"]

1. e4 c5 2. Nf3 d6 3. d4 cxd4 4. Nxd4 Nf6 5. Nc3 a6 6. Bg5 e6 7. f4 h6 8.
Bh4 Qb6 9. Bxf6 gxf6 10. Qd2 Qxb2 11. Rb1 Qa3 12. f5 Nc6 13. Be2 Qc5 14. Nb3
Qa7 15. Bh5 Rg8 16. fxe6 Bxe6 17. Nd5 Bxd5 18. exd5 Ne5 19. Na5 Rg5 20. Rxb7
Qc5 21. Be2 Rxg2 22. Kd1 Ng4 23. Nb3 Ne3+ 24. Kc1 Qa3+ 25. Kb1 Nc4 26. Qd4
Rxe2 27. Qxc4 {Black resigns} 1-0

[Event "ICC Open 2015"]
[Site "Internet Chess Club"]
[Date "2015.05.30"]
[Round "10"]
[White "geilgambler"]
[Black "richbe"]
[Result "0-1"]
[ICCResult "White checkmated"]
[WhiteElo "1744"]
[BlackElo "2030"]
[Opening "Nimzovich-Larsen attack: modern variation"]
[ECO "A01"]
[NIC "VO.08"]
[Time "16:01:22"]
[TimeControl "180+0"]

1. b3 e5 2. Bb2 Nc6 3. g3 g6 4. Bg2 Bg7 5. e3 d6 6. Ne2 Nge7 7. c4 O-O 8.
Nbc3 Bd7 9. O-O Qc8 10. d4 Bh3 11. Nb5 Bxg2 12. Kxg2 a6 13. Nbc3 f5 14. d5
Nd8 15. Ng1 f4 16. exf4 exf4 17. Nf3 Nf5 18. Rb1 Nf7 19. Ne2 fxg3 20. hxg3
Bxb2 21. Rxb2 Qd7 22. Ned4 Rfe8 23. Ne6 c6 24. Re2 cxd5 25. cxd5 Rac8 26.
Rfe1 Rc3 27. g4 Rxf3 28. Kxf3 Nh4+ 29. Kg3 g5 30. f4 gxf4+ 31. Kxh4 Qe7+ 32.
g5 f3 33. Re4 Ne5 34. Rxe5 dxe5 35. Rxe5 Rf8 36. d6 Qf7 37. d7 f2 38. d8=Q
f1=Q 39. Qxf8+ Qxf8 40. Qd4 Qh1+ 41. Kg4 Qff3# {White checkmated} 0-1

[Event "ICC Open 2015"]
[Site "Internet Chess Club"]
[Date "2015.05.30"]
[Round "10"]
[White "smoothg"]
[Black "sonovkong"]
[Result "1-0"]
[ICCResult "Black resigns"]
[WhiteElo "1864"]
[BlackElo "1614"]
[Opening "Hungarian defense"]
[ECO "C50"]
[NIC "IG.03"]
[Time "16:01:02"]
[TimeControl "180+0"]

1. e4 e5 2. Nf3 Nc6 3. Bc4 Be7 4. c3 Nf6 5. d4 d6 6. Bb5 exd4 7. cxd4 Bd7 8.
Nc3 a6 9. Bd3 O-O 10. h3 g6 11. O-O Nh5 12. Bh6 Ng7 13. Qd2 Bf6 14. Bb1 Re8
15. a3 Qe7 16. Ba2 Qd8 17. Rfe1 Nb8 18. e5 Be7 19. Ng5 Bxg5 20. Bxg5 Qc8 21.
Bf6 Be6 22. d5 Bd7 23. Qf4 Bxh3 24. gxh3 Qxh3 25. Re3 Qd7 26. Rf3 Nh5 27.
Qh4 dxe5 28. Ne4 Qxd5 29. Bxd5 c6 30. Bxf7+ {Black resigns} 1-0

[Event "ICC Open 2015"]
[Site "Internet Chess Club"]
[Date "2015.05.30"]
[Round "10"]
[White "UAE2002"]
[Black "WhiteHorse"]
[Result "0-1"]
[ICCResult "White resigns"]
[WhiteElo "2146"]
[BlackElo "2102"]
[Opening "Torre attack (Tartakower variation)"]
[ECO "D03"]
[NIC "QP.08"]
[Time "16:02:23"]
[TimeControl "180+0"]

1. d4 d5 2. Nf3 Nf6 3. Bg5 Ne4 4. Bf4 Bf5 5. e3 e6 6. Nbd2 Nd7 7. Nxe4 dxe4
8. Nh4 Qxh4 9. Bxc7 Rc8 10. Bg3 Qd8 11. c3 Nb6 12. Bb5+ Nd7 13. f3 a6 14.
Ba4 b5 15. Bb3 Nf6 16. Bh4 Be7 17. O-O exf3 18. Qxf3 Be4 19. Qf4 Bg6 20.
Rae1 O-O 21. e4 Nh5 22. Bxe7 Qxe7 23. Qe3 e5 24. Bd5 Nf6 25. Bb3 exd4 26.
cxd4 Nxe4 27. Bd5 Rce8 28. Rf4 Nf6 29. Qxe7 Rxe7 30. Rxe7 Nxd5 31. Ree4 Nxf4
32. Rxf4 Rd8 33. Kf2 h5 34. Ke3 Re8+ 35. Kd2 Be4 36. g4 hxg4 37. Rxg4 Bd5
38. b3 Re4 39. Rxe4 Bxe4 40. Ke3 Bd5 41. Kf4 f6 42. Ke3 Kf7 43. Kd2 Ke6 44.
Kc3 Kf5 45. Kb4 Ke4 46. Kc5 f5 {White resigns} 0-1

[Event "ICC Open 2015"]
[Site "Internet Chess Club"]
[Date "2015.05.30"]
[Round "10"]
[White "ivancele"]
[Black "TacticsTime"]
[Result "0-1"]
[ICCResult "White forfeits on time"]
[WhiteElo "1624"]
[BlackElo "1352"]
[Opening "Polish defense"]
[ECO "A40"]
[NIC "QO.17"]
[Time "16:02:04"]
[TimeControl "180+0"]

1. d4 b5 2. e4 a6 3. f3 Bb7 4. a3 Nf6 5. c4 bxc4 6. Bxc4 e6 7. Nc3 c5 8. Be3
Qb6 9. Qd2 Nc6 10. Nge2 Be7 11. O-O O-O 12. Rab1 cxd4 13. Nxd4 Bc5 14. Rfd1
e5 15. Nc2 Rfd8 16. b4 Bxe3+ 17. Qxe3 Nd4 18. Nxd4 exd4 19. Qxd4 Qxd4+ 20.
Rxd4 Rac8 21. Na4 d5 22. Bd3 dxe4 23. Rxd8+ Rxd8 24. Bxe4 Nxe4 25. fxe4 Bxe4
{White forfeits on time}
0-1

[Event "ICC Open 2015"]
[Site "Internet Chess Club"]
[Date "2015.05.30"]
[Round "10"]
[White "MadMad"]
[Black "Govindan"]
[Result "1-0"]
[ICCResult "Black forfeits on time"]
[WhiteElo "1470"]
[BlackElo "1503"]
[Opening "King's Indian: Four pawns attack"]
[ECO "E76"]
[NIC "KI.31"]
[Time "16:00:52"]
[TimeControl "180+0"]

1. d4 Nf6 2. c4 d6 3. Nc3 g6 4. e4 Bg7 5. f4 O-O 6. Nf3 Nc6 7. Be2 Bg4 8.
O-O Qd7 9. h3 Bxf3 10. Bxf3 Ne8 11. Be3 a6 12. d5 Nd8 13. Bd4 e6 14. Bxg7
Nxg7 15. b3 exd5 16. cxd5 b5 17. e5 dxe5 18. fxe5 Nb7 19. e6 fxe6 20. dxe6
Qxd1 21. Raxd1 Rab8 22. e7 Rfe8 23. Bxb7 Rxb7 24. Rf8+ Rxf8 25. exf8=Q+ Kxf8
26. Rd7 Kg8 27. Nd5 Ne6 28. Ne7+ Kf8 29. Nd5 h5 30. Kf2 Ke8 31. Rh7 Nf8 32.
Rh8 Kf7 33. Nf4 Kg7 34. Nxg6 Nxg6 35. Rd8 c5 36. Rd5 c4 37. bxc4 bxc4 38.
Rc5 Rb4 39. Kf3 c3 40. Rxc3 Ne5+ 41. Kg3 Nc4 42. a3 Ra4 43. h4 Kg6 44. Kh3
Ne5 45. Re3 Ng4 46. Re6+ Nf6 47. Re5 Rxa3+ 48. g3 Ng4 49. Rg5+ Kh6 50. Rg8
Nf2+ 51. Kg2 Ne4 52. Re8 {Black forfeits on time} 1-0

[Event "ICC Open 2015"]
[Site "Internet Chess Club"]
[Date "2015.05.30"]
[Round "10"]
[White "mrmofongo17"]
[Black "SirHarmony"]
[Result "1-0"]
[ICCResult "Black forfeits on time"]
[WhiteElo "1848"]
[BlackElo "1532"]
[Opening "QP counter-gambit (elephant gambit)"]
[ECO "C40"]
[NIC "KP.10"]
[Time "16:01:43"]
[TimeControl "180+0"]

1. e4 e5 2. Nf3 d5 3. Nxe5 Bd6 4. d4 dxe4 5. Nc4 Nf6 6. Nxd6+ Qxd6 7. Nc3
Nc6 8. Be3 Bf5 9. Nb5 Qd7 10. Bc4 O-O-O 11. c3 a6 12. a4 axb5 13. axb5 Nb8
14. Bf4 Nd5 15. Bg3 e3 16. O-O Rhe8 17. Qb3 exf2+ 18. Rxf2 Be6 19. Qc2 Ne3
20. Bxe6 Qxe6 21. Qxh7 Ng4 22. b6 Qe1+ 23. Rxe1 Rxe1+ 24. Rf1 Rxf1+ 25. Kxf1
Re8 26. Qh3 f5 27. Bxc7 Nc6 28. d5 Na5 29. d6 Nc4 30. Qd3
{Black forfeits on time}
1-0

[Event "ICC Open 2015"]
[Site "Internet Chess Club"]
[Date "2015.05.30"]
[Round "10"]
[White "kaspinha"]
[Black "The7thGuest"]
[Result "0-1"]
[ICCResult "White resigns"]
[WhiteElo "2296"]
[BlackElo "2104"]
[Opening "Sicilian defense"]
[ECO "B40"]
[NIC "SI.43"]
[Time "16:01:22"]
[TimeControl "180+0"]

1. e4 c5 2. Nf3 e6 3. d3 a6 4. g3 b5 5. Bg2 Bb7 6. a4 b4 7. e5 Nc6 8. O-O
Qc7 9. Re1 h6 10. Nbd2 g5 11. Nc4 g4 12. Nfd2 h5 13. Ne4 Nxe5 14. Nxe5 Qxe5
15. Bf4 Qxb2 16. Nd6+ Bxd6 17. Bxb7 Bxf4 18. Bxa8 Be5 19. Rb1 Qd4 20. Re4
Qd6 21. Qe2 Bd4 22. c4 Ne7 23. Rf4 Ng6 24. Rxd4 Qxd4 25. Qe4 Qxe4 26. Bxe4
f5 27. Bb7 a5 28. Ba6 Ke7 29. Bb5 Ne5 30. Rb3 Nf3+ 31. Kg2 Nd4 32. Rb2 Nxb5
33. cxb5 d5 34. f3 c4 35. Kf2 c3 36. Rb1 Rc8 37. fxg4 hxg4 38. Ke2 c2 39.
Rc1 b3 40. b6 b2 41. b7 bxc1=Q 42. bxc8=Q Qd1+ 43. Ke3 c1=Q+ 44. Qxc1 Qxc1+
{White resigns}
0-1

[Event "ICC Open 2015"]
[Site "Internet Chess Club"]
[Date "2015.05.30"]
[Round "10"]
[White "FytinFrank"]
[Black "jugador"]
[Result "1-0"]
[ICCResult "Black forfeits on time"]
[WhiteElo "2023"]
[BlackElo "1734"]
[Opening "Sicilian: closed"]
[ECO "B23"]
[NIC "SI.44"]
[Time "16:01:33"]
[TimeControl "180+0"]

1. e4 c5 2. Nc3 e6 3. f4 d5 4. e5 d4 5. Ne4 f5 6. exf6 Nxf6 7. Bb5+ Bd7 8.
Qe2 Be7 9. Nxf6+ gxf6 10. Qh5+ Kf8 11. Bc4 Qe8 12. Qh6+ Kg8 13. f5 Qf7 14.
Nf3 b5 15. Bd3 e5 16. Be4 Bc6 17. Bxc6 Nxc6 18. O-O Qg7 19. Qh3 Kf7 20. Qh5+
Kf8 21. d3 h6 22. Nh4 Rh7 23. Ng6+ Kg8 24. Nxe7+ Nxe7 25. Rf3 Kh8 26. Rg3
Qf7 27. Rg6 Rg8 28. Bxh6 Nxg6 29. fxg6 Qxg6 30. Qxg6 Rxg6 31. Bd2 f5 32. Re1
Re6 33. Bg5 e4 34. dxe4 fxe4 35. h4 e3 36. g4 c4 37. Kg2 Rd7 38. Kf3 Rf7+
39. Kg3 Rf2 40. c3 d3 41. Bxe3 Re2 42. Bd4+ Kh7 43. Rf1 d2 44. Rf7+ Kh6 45.
g5+ Kg6 46. Rg7+ Kf5 47. Rf7+ Ke4 48. Rf1 Re1 49. Rf4+ Kd5 50. Bf6 d1=Q 51.
Rd4+ Qxd4 52. cxd4 Rxf6 53. gxf6 Rf1 54. Kg4 Rxf6 55. Kg5 Rf1 56. h5
{Black forfeits on time}
1-0

[Event "ICC Open 2015"]
[Site "Internet Chess Club"]
[Date "2015.05.30"]
[Round "10"]
[White "Jospa"]
[Black "Cramagica"]
[Result "1-0"]
[ICCResult "Black forfeits on time"]
[WhiteElo "1230"]
[BlackElo "1139"]
[Opening "Sicilian"]
[ECO "B50"]
[NIC "SI.01"]
[Time "16:01:27"]
[TimeControl "180+0"]

1. e4 c5 2. Nf3 d6 3. Bc4 Nf6 4. d3 a6 5. O-O b5 6. Bd5 Ra7 7. Bg5 Bb7 8.
Nc3 Nxd5 9. Nxd5 h6 10. Bf4 g5 11. Bg3 Bg7 12. Re1 Bxb2 13. Rb1 Bg7 14. e5
Bxd5 15. exd6 Be6 16. Be5 Bxe5 17. Nxe5 Qxd6 18. Qf3 Nd7 19. Nxd7 Qxd7 20.
Rbd1 Bd5 21. Qg3 f5 22. Qb8+ Kf7 23. Qe5 Rg8 24. d4 e6 25. dxc5 Rc7 26. Qd6
Qc6 27. Qxc6 Rxc6 28. h3 Bxa2 29. Rd6 Rxd6 30. cxd6 Rd8 31. Rd1 Rd7 32. Kh2
Bd5 33. c3 Rxd6 34. Ra1 {Black forfeits on time} 1-0

[Event "ICC Open 2015"]
[Site "Internet Chess Club"]
[Date "2015.05.30"]
[Round "10"]
[White "faust"]
[Black "Federicov"]
[Result "1/2-1/2"]
[ICCResult "Game drawn by mutual agreement"]
[WhiteElo "3228"]
[BlackElo "3109"]
[Opening "Scotch: Mieses variation"]
[ECO "C45"]
[NIC "SO.04"]
[Time "16:01:52"]
[TimeControl "180+0"]

1. e4 e5 2. Nf3 Nc6 3. d4 exd4 4. Nxd4 Nf6 5. Nxc6 bxc6 6. e5 Qe7 7. Qe2 Nd5
8. c4 Ba6 9. Nd2 g6 10. Nf3 Bg7 11. Bg5 Qb4+ 12. Qd2 Qxd2+ 13. Bxd2 Nb6 14.
b3 c5 15. O-O-O O-O-O 16. Be3 d6 17. Ng5 Rd7 18. exd6 cxd6 19. Ne4 Rhd8 20.
Bg5 Bd4 21. Bxd8 Kxd8 22. f3 f5 23. Nd2 d5 24. cxd5 Bxf1 25. Rhxf1 Nxd5 26.
Nc4 Nc3 27. Rd2 Nd5 28. Kb1 Nc3+ 29. Kc1 Nd5 30. Kc2 Nb4+ 31. Kb1 Nd5 32. g3
Nc3+ 33. Kc1 Re7 34. a3 Kc7 35. Kc2 Nd5 36. b4 Ne3+ 37. Nxe3 Rxe3 38. bxc5
Bxc5 39. Rfd1 Rxf3 40. Rd7+ Kc6 41. Rxh7 Rxa3 42. Rh6 Kb5 43. Kb2 Ra6 44.
Rd8 Rb6 45. Rg8 Kc4+ 46. Kc2 Bd4 47. Rc8+ Kb5 48. Kd3 Rd6 49. Ke2 a5 50. Rg8
a4 51. Rgxg6 Rxg6 52. Rxg6 a3 53. Rg5 a2 54. Rxf5+ Kb4 55. Rf1 a1=Q 56. Rxa1
Bxa1 57. Kd3 Kc5 58. Ke4 Kd6 59. Kf5 Ke7 60. Kg6 Be5 61. Kf5 Bd6
{Game drawn by mutual agreement}
1/2-1/2

[Event "ICC Open 2015"]
[Site "Internet Chess Club"]
[Date "2015.05.30"]
[Round "10"]
[White "paulleon"]
[Black "Redbaron"]
[Result "1-0"]
[ICCResult "Black resigns"]
[WhiteElo "2102"]
[BlackElo "2467"]
[Opening "QGD semi-Slav"]
[ECO "D43"]
[NIC "SL.06"]
[Time "16:02:22"]
[TimeControl "180+0"]

1. d4 d5 2. c4 e6 3. Nc3 c6 4. Nf3 Nf6 5. Bg5 Nbd7 6. Rc1 h6 7. Bxf6 Nxf6 8.
e3 Bb4 9. Bd3 O-O 10. O-O b6 11. a3 Bxc3 12. Rxc3 Bb7 13. cxd5 exd5 14. Ne5
Qd6 15. Qc2 c5 16. f4 Rac8 17. Bf5 Rc7 18. Rc1 c4 19. g4 b5 20. g5 hxg5 21.
fxg5 Ne4 22. Bxe4 dxe4 23. h4 f6 24. gxf6 gxf6 25. Ng6 Rg7 26. h5 Qd5 27.
Qh2 Qg5+ 28. Kh1 Rh7 29. Nxf8 Rxh5 30. Rg1 Rxh2+ 31. Kxh2 Kxf8 32. Rxg5 fxg5
33. Kg3 Kg7 34. b3 Bd5 35. bxc4 bxc4 36. Rc1 a6 37. Rb1 Bf7 38. Rb7 a5 39.
Rb5 Kf6 40. Rxa5 c3 41. Rc5 {Black resigns} 1-0

[Event "ICC Open 2015"]
[Site "Internet Chess Club"]
[Date "2015.05.30"]
[Round "10"]
[White "gioachino82"]
[Black "A4-H5"]
[Result "0-1"]
[ICCResult "White forfeits on time"]
[WhiteElo "1453"]
[BlackElo "1673"]
[Opening "Queen's pawn"]
[ECO "A40"]
[NIC "QO.17"]
[Time "16:01:11"]
[TimeControl "180+0"]

1. d4 g5 2. c4 Bg7 3. Nc3 g4 4. e4 b5 5. Nxb5 c5 6. d5 d6 7. Qc2 h5 8. Nc3
Nh6 9. Be2 f5 10. Bd3 O-O 11. exf5 Nxf5 12. Nge2 h4 13. Bg5 Qe8 14. O-O-O
Qh5 15. Bxf5 Qxg5+ 16. Kb1 Bxf5 17. Ne4 Qg6 18. f3 h3 19. Nf4 Qh7 20. Rhe1
hxg2 21. Qxg2 gxf3 22. Qxf3 Nd7 23. Ka1 Ne5 24. Qg2 Bg4 25. Rc1 Nd3 26. Nxd3
Bf3 27. Ng5 Bxg2 28. Nxh7 Kxh7 29. Rxe7 Be4 30. Ne1 Bg6 31. Re6 Rab8 32. Nd3
Rf3 {White forfeits on time} 0-1

[Event "ICC Open 2015"]
[Site "Internet Chess Club"]
[Date "2015.05.30"]
[Round "10"]
[White "sakram07"]
[Black "BillietheKid"]
[Result "0-1"]
[ICCResult "White checkmated"]
[WhiteElo "1856"]
[BlackElo "1480"]
[Opening "Nimzovich-Larsen attack: classical variation"]
[ECO "A01"]
[NIC "VO.08"]
[Time "16:01:55"]
[TimeControl "180+0"]

1. b3 d5 2. Bb2 c5 3. e3 Nc6 4. Bb5 Qc7 5. Nf3 Bg4 6. h3 Bh5 7. d4 a6 8.
Bxc6+ bxc6 9. g4 Bg6 10. dxc5 f6 11. Nc3 e5 12. Na4 Nh6 13. Nh4 Bf7 14. Qf3
Be7 15. Nf5 Nxf5 16. Qxf5 Bg6 17. Qf3 Bxc2 18. Kd2 Be4 19. Qe2 Bxh1 20. Rxh1
O-O 21. h4 Qa5+ 22. Kc2 Bxc5 23. Nxc5 Qxc5+ 24. Kb1 a5 25. Rc1 Qb6 26. Ba3
Rfc8 27. Bc5 Qb7 28. g5 fxg5 29. hxg5 a4 30. b4 a3 31. Qg4 Re8 32. Rh1 Ra5
33. Kc2 Rxc5+ 34. bxc5 Qb2+ 35. Kd3 e4+ 36. Qxe4 dxe4+ 37. Kc4 Qxa2+ 38. Kb4
Qb2+ 39. Kc4 a2 40. g6 hxg6 41. f4 a1=Q 42. Rxa1 Qxa1 43. f5 gxf5 44. Kb4
Qc1 45. Kb3 Rb8+ 46. Ka4 Qa1# {White checkmated} 0-1

[Event "ICC Open 2015"]
[Site "Internet Chess Club"]
[Date "2015.05.30"]
[Round "10"]
[White "ROWLAND"]
[Black "vicmel"]
[Result "0-1"]
[ICCResult "White forfeits on time"]
[WhiteElo "1729"]
[BlackElo "1909"]
[Opening "Sicilian: Nimzovich-Rubinstein variation"]
[ECO "B29"]
[NIC "SI.43"]
[Time "16:01:01"]
[TimeControl "180+0"]

1. e4 c5 2. Nf3 Nf6 3. Nc3 Nc6 4. d4 d5 5. e5 Ne4 6. dxc5 Nxc3 7. bxc3 Bg4
8. Bb5 Qa5 9. Bxc6+ bxc6 10. O-O Qxc3 11. Bd2 Qxc5 12. Be3 Qa5 13. Rb1 e6
14. Rb7 Bc5 15. Qb1 O-O 16. Nd4 Bxd4 17. Bxd4 Be2 18. Re1 Bc4 19. f4 c5 20.
Ba1 Qxa2 21. Qc1 Rab8 22. Rxb8 Rxb8 23. f5 Qa5 24. f6 g6 25. c3 Qd8 26. Qh6
Qf8 27. Qh4 a5 28. Kf2 a4 29. Re3 h5 30. Rg3 Qh6 31. Rg5 Rb1 32. g4 Rxa1 33.
gxh5 Ra2+ 34. Kf3 Ra3 35. Kf2 Rxc3 36. Rxg6+ fxg6 {White forfeits on time}
0-1

[Event "ICC Open 2015"]
[Site "Internet Chess Club"]
[Date "2015.05.30"]
[Round "10"]
[White "ALexiz"]
[Black "Wahman"]
[Result "0-1"]
[ICCResult "White resigns"]
[WhiteElo "1802"]
[BlackElo "2203"]
[Opening "Old Benoni defense"]
[ECO "A44"]
[NIC "OI.09"]
[Time "16:01:26"]
[TimeControl "180+0"]

1. d4 c5 2. d5 e5 3. c4 d6 4. Nc3 Ne7 5. e4 g6 6. Nf3 Bg7 7. Be2 O-O 8. O-O
h6 9. Rb1 f5 10. b4 b6 11. bxc5 bxc5 12. Bd2 Nd7 13. Bd3 Nf6 14. Qc2 a6 15.
Rb2 Qc7 16. Rfb1 Kh7 17. Be1 Ra7 18. h3 Rb7 19. Qe2 Rxb2 20. Rxb2 Bd7 21.
Qc2 Rb8 22. Qb1 Rxb2 23. Qxb2 Bc8 24. Nd2 fxe4 25. Ndxe4 Nxe4 26. Bxe4 Nf5
27. Na4 Bf6 28. Qb6 Bd8 29. Ba5 Qxb6 30. Bxb6 Bxb6 31. Nxb6 Ne7 32. a4 a5
33. g3 Kg7 34. h4 Kf7 35. Kf1 Bg4 36. f3 Bc8 37. Ke2 Bb7 38. Kd3 Nc8 39.
Nxc8 Bxc8 40. Kc3 Kf6 41. Kb3 Bd7 42. Ka3 Be8 43. Kb3 g5 44. Ka3 gxh4 45.
gxh4 Bd7 46. Kb3 Bf5 47. Kc3 Bxe4 48. fxe4 Kg6 49. Kd3 Kh5 50. Ke3 Kxh4 51.
Kf3 Kh3 52. Kf2 Kg4 53. Ke3 Kg3 {White resigns} 0-1

[Event "ICC Open 2015"]
[Site "Internet Chess Club"]
[Date "2015.05.30"]
[Round "10"]
[White "Ramanip15"]
[Black "BennieHill"]
[Result "1-0"]
[ICCResult "Black checkmated"]
[WhiteElo "1845"]
[BlackElo "1270"]
[Opening "Philidor's defense"]
[ECO "C41"]
[NIC "KP.08"]
[Time "16:00:57"]
[TimeControl "180+0"]

1. e4 e5 2. Nf3 d6 3. d4 Bg4 4. dxe5 Bxf3 5. Qxf3 dxe5 6. Bc4 Qf6 7. Qb3 b6
8. Nc3 c6 9. h4 h6 10. Be3 Bd6 11. O-O-O Ne7 12. Bxf7+ Qxf7 13. Qxf7+ Kxf7
14. Rxd6 Re8 15. Rhd1 c5 16. f3 Na6 17. g4 Nb4 18. a3 Nbc6 19. Rd7 Red8 20.
Rxd8 Rxd8 21. Rxd8 Nxd8 22. Kd2 Ndc6 23. Nd5 Ke6 24. c4 Nd4 25. Bxd4 exd4
26. f4 Ng6 27. f5+ Kf7 28. fxg6+ Kxg6 29. Kd3 Kf7 30. e5 Ke6 31. Ke4 g5 32.
hxg5 hxg5 33. Nc7+ Kd7 34. Nb5 a6 35. Nd6 Ke6 36. Nf5 b5 37. b3 bxc4 38.
bxc4 a5 39. Ng7+ Kf7 40. Nh5 Ke6 41. Ng7+ Kf7 42. Nf5 Ke6 43. Nxd4+ cxd4 44.
Kxd4 a4 45. c5 Kf7 46. c6 Ke6 47. Ke4 Ke7 48. Kd5 Kd8 49. e6 Ke7 50. c7 Kf6
51. c8=Q Kg6 52. Qf8 Kh7 53. e7 Kg6 54. Ke5 Kh7 55. Qf7+ Kh6 56. Qh5+ Kg7
57. Ke6 Kg8 58. e8=Q+ Kg7 59. Qef7# {Black checkmated} 1-0

[Event "ICC Open 2015"]
[Site "Internet Chess Club"]
[Date "2015.05.30"]
[Round "10"]
[White "talaatabdin"]
[Black "Agenda"]
[Result "0-1"]
[ICCResult "White forfeits on time"]
[WhiteElo "1395"]
[BlackElo "1242"]
[Opening "Sicilian: closed"]
[ECO "B23"]
[NIC "SI.44"]
[Time "16:01:03"]
[TimeControl "180+0"]

1. e4 c5 2. Nc3 d6 3. f4 b6 4. Nf3 Bb7 5. Bb5+ Nd7 6. O-O Nf6 7. d4 Nxe4 8.
Nxe4 Bxe4 9. dxc5 bxc5 10. Ng5 Bb7 11. Qh5 g6 12. Qh3 e6 13. Nxh7 Bg7 14. f5
a6 15. f6 Bf8 16. Bxd7+ Qxd7 17. Bf4 O-O-O 18. Rad1 d5 19. Be5 Qb5 20. Rf4
c4 21. Rh4 Bc5+ 22. Kh1 Rxh7 23. Rxh7 d4 24. Rh8 Rxh8 25. Qxh8+ Kd7
{White forfeits on time}
0-1

[Event "ICC Open 2015"]
[Site "Internet Chess Club"]
[Date "2015.05.30"]
[Round "10"]
[White "yummy2"]
[Black "Psycho-Cowboy"]
[Result "0-1"]
[ICCResult "White checkmated"]
[WhiteElo "2740"]
[BlackElo "2540"]
[Opening "Sicilian: dragon, Yugoslav attack"]
[ECO "B75"]
[NIC "SI.17"]
[Time "16:01:07"]
[TimeControl "180+0"]

1. e4 c5 2. Nf3 d6 3. d4 cxd4 4. Nxd4 Nf6 5. Nc3 g6 6. Be3 Bg7 7. f3 Nc6 8.
Qd2 Bd7 9. g4 Rc8 10. h4 Bxg4 11. fxg4 Nxg4 12. Bg1 h5 13. Nxc6 bxc6 14. Bd4
e5 15. Bg1 O-O 16. Be2 Bh6 17. Qd3 d5 18. Bxg4 hxg4 19. h5 d4 20. hxg6 Qg5
21. g7 Kxg7 22. Ne2 f5 23. exf5 Rxf5 24. Ng3 Rf3 25. Nh5+ Kh8 26. Qe2 Rcf8
27. Rd1 g3 28. Rh3 Rf2 29. Nxg3 Rxe2+ 30. Nxe2 Kh7 31. Rh2 c5 32. c3 Rf3 33.
cxd4 cxd4 34. Rc1 d3 35. Rc7+ Kg8 36. Rc8+ Kf7 37. Rc7+ Ke8 38. Rc8+ Kd7 39.
Rc3 Qd2# {White checkmated} 0-1

[Event "ICC Open 2015"]
[Site "Internet Chess Club"]
[Date "2015.05.30"]
[Round "10"]
[White "PJJVenegas"]
[Black "HaraldEskilstu"]
[Result "0-1"]
[ICCResult "White checkmated"]
[WhiteElo "2276"]
[BlackElo "2043"]
[Opening "QGD: Chigorin defense, Janowski variation"]
[ECO "D07"]
[NIC "QP.08"]
[Time "16:01:44"]
[TimeControl "180+0"]

1. d4 d5 2. c4 Nc6 3. Nc3 dxc4 4. Nf3 Nf6 5. e4 Bg4 6. d5 Ne5 7. Be2 Bxf3 8.
gxf3 c6 9. f4 Nd3+ 10. Bxd3 cxd3 11. Qxd3 cxd5 12. e5 d4 13. Qb5+ Nd7 14. e6
dxc3 15. exd7+ Qxd7 16. Qxd7+ Kxd7 17. bxc3 e6 18. Rb1 b6 19. Ke2 Kc6 20.
Rg1 g6 21. c4 Bc5 22. Bb2 Rhd8 23. h4 h5 24. Be5 Rd7 25. Rb2 Rad8 26. Rg3
Bd6 27. Re3 Bxe5 28. fxe5 Rd4 29. Rf3 R8d7 30. Rbb3 Rxh4 31. Rbc3 Re4+ 32.
Kf1 Rxe5 33. Kg2 f5 34. a4 g5 35. Rh3 h4 36. Ra3 g4 37. Rxh4 Rd2 38. Rh6
Ree2 39. Kg3 Kd6 40. f3 Rg2+ 41. Kf4 Rgf2 42. Ke3 Rde2+ 43. Kd4 Rxf3 44. Ra1
Rd2# {White checkmated} 0-1

[Event "ICC Open 2015"]
[Site "Internet Chess Club"]
[Date "2015.05.30"]
[Round "10"]
[White "Bozhenka"]
[Black "kava"]
[Result "0-1"]
[ICCResult "White forfeits on time"]
[WhiteElo "3013"]
[BlackElo "2888"]
[Opening "Nimzo-Indian: three knights variation"]
[ECO "E21"]
[NIC "NI.26"]
[Time "16:00:50"]
[TimeControl "180+0"]

1. d4 Nf6 2. c4 e6 3. Nc3 Bb4 4. Nf3 b6 5. e3 Bb7 6. Bd3 c5 7. O-O O-O 8.
Na4 cxd4 9. exd4 Re8 10. a3 Bf8 11. Re1 d6 12. b4 Nbd7 13. Bb2 g6 14. Rc1
Bg7 15. Bf1 Nh5 16. g3 Rc8 17. Bg2 Qc7 18. Qe2 Qb8 19. Nc3 a6 20. Red1 Qa8
21. Re1 Nhf6 22. Nh4 Bxg2 23. Nxg2 Rc7 24. Ne3 Ne4 25. Nxe4 Qxe4 26. Rcd1
Rcc8 27. c5 Qb7 28. Nc4 Bf8 29. cxd6 b5 30. Ne3 Bxd6 31. d5 e5 32. Qf3 h5
33. Re2 Nb6 34. Rde1 Na4 35. Ba1 Nc3 36. Rd2 Na4 37. g4 h4 38. g5 Qe7 39.
Qg4 f5 40. gxf6 Qxf6 41. Kh1 Qf4 42. Qxg6+ Kh8 43. Rg1 Qf3+ 44. Rg2 Rc1+ 45.
Rd1 Rxd1+ 46. Nxd1 Qxd1+ 47. Rg1 Qxd5+ 48. Rg2 Qd1+ 49. Rg1 Qf3+ 50. Rg2
Qd1+ 51. Rg1 Qd5+ 52. Rg2 Qd1+ 53. Rg1 Qf3+ 54. Rg2 Qd1+ 55. Rg1 Qd5+ 56.
Rg2 Qxg2+ 57. Qxg2 Re6 58. Qd5 Rg6 59. f4 Kh7 60. fxe5 Bf8 61. Qe4 Bg7 62.
e6 Bxa1 63. e7 Nc3 64. Qxh4+ Rh6 65. Qxh6+ Kxh6 66. e8=Q Kg5 67. Qe1 Bb2 68.
Qg1+ Kf5 69. Qf2+ Ke4 70. Qxb2 Kd3 71. Qb3 Kd2 72. a4 bxa4 73. Qa3 Kc2 74.
Qb2+ Kxb2 75. b5 a3 76. b6 a2 77. b7 a1=Q+ {White forfeits on time} 0-1

[Event "ICC Open 2015"]
[Site "Internet Chess Club"]
[Date "2015.05.30"]
[Round "10"]
[White "JobbyleHut"]
[Black "auket40"]
[Result "0-1"]
[ICCResult "White forfeits on time"]
[WhiteElo "1369"]
[BlackElo "1641"]
[Opening "Alekhine's defense: Maróczy variation"]
[ECO "A00"]
[NIC "VO.13"]
[Time "16:01:44"]
[TimeControl "180+0"]

1. d3 Nf6 2. e4 d6 3. c4 g6 4. Nc3 c6 5. Nge2 Nbd7 6. h3 Bg7 7. g4 a6 8. Bg2
b5 9. O-O Rb8 10. b3 Nb6 11. Rb1 b4 12. Na4 Nxa4 13. bxa4 Nd7 14. Bb2 e5 15.
f4 O-O 16. f5 Qb6+ 17. Kh1 Nf6 18. g5 Nh5 19. f6 Bh8 20. Bf3 Bxh3 21. Bxh5
gxh5 22. Rf3 Bg4 23. Rg3 Qf2 24. Rg2 Qh4+ 25. Kg1 Qxg5 26. Bc1 Qxf6 27. Qe1
Bg7 28. Ng3 Kh8 29. Nf5 Bxf5 30. exf5 Qxf5 31. Qh4 Bf6 32. Bg5 Bxg5 33. Rxg5
Qxd3 34. Rf1 f6 35. Rxh5 Rg8+ {White forfeits on time} 0-1

[Event "ICC Open 2015"]
[Site "Internet Chess Club"]
[Date "2015.05.30"]
[Round "10"]
[White "PADILLON2189"]
[Black "blackending"]
[Result "1-0"]
[ICCResult "Black forfeits on time"]
[WhiteElo "2025"]
[BlackElo "1701"]
[Opening "King's Indian: 5.Nf3"]
[ECO "E90"]
[NIC "KI.20"]
[Time "16:01:14"]
[TimeControl "180+0"]

1. d4 Nf6 2. c4 g6 3. Nc3 Bg7 4. e4 d6 5. Nf3 O-O 6. h3 Nbd7 7. Be3 Re8 8.
g4 e5 9. d5 a5 10. Nd2 Nc5 11. Be2 Nfd7 12. h4 f5 13. exf5 gxf5 14. gxf5 Rf8
15. Qc2 Kh8 16. O-O-O Nb6 17. Bxc5 dxc5 18. Bd3 a4 19. Rdg1 Qf6 20. Kb1 a3
21. b3 e4 22. Ndxe4 Qxf5 23. Rxg7 Kxg7 24. Rg1+ Kh8 25. Nxc5 Qxf2 26. Qxf2
Rxf2 27. N3e4 Rb2+ 28. Ka1 Bf5 29. Rf1 Bxe4 30. Nxe4 Rg8 31. Ng5 h6 32. Rf7
Rg7 33. Rf8+ Rg8 34. Rf7 Re8 35. Rh7+ Kg8 36. Ne6 Rxe6 37. dxe6 Rd2 38. Bb1
Rb2 39. Rxc7 Re2 40. Rxb7 Rxe6 41. Ra7 {Black forfeits on time} 1-0